 Dungeon Crawl Stone Soup version 0.23-a0-14-g8c9a20f (webtiles) character file.

2543 galech the Cleaver (level 9, -8/78 HPs)
             Began as a Minotaur Fighter on Aug 2, 2018.
             Was an Initiate of Makhleb.
             Mangled by an orc warrior
             ... wielding a +0 glaive
              (21 damage)
             ... on level 9 of the Dungeon.
             The game lasted 00:10:11 (6502 turns).

galech the Cleaver (Minotaur Fighter)               Turns: 6502, Time: 00:10:12

Health: -8/78      AC: 10    Str: 26    XL:     9   Next: 30%
Magic:  8/9        EV: 12    Int:  5    God:    Makhleb [......]
Gold:   392        SH:  8    Dex: 16    Spells: 8/8 levels left

rFire    + . .     SeeInvis .   j - +2 war axe (flame)
rCold    + . .     Gourm    .   z - +2 buckler "Numusuog" {rF+ Dex+4}
rNeg     . . .     Faith    +   H - +4 ring mail
rPois    .         Spirit   .   (helmet restricted)
rElec    .         Reflect  .   (no cloak)
rCorr    .         Harm     .   (no gloves)
MR       .....                  (no boots)
Stlth    +.........             t - amulet of faith
HPRegen  0.23/turn              A - +4 ring of strength (curse)
MPRegen  0.11/turn              a - ring of protection from cold

@: no status effects
A: retaliatory headbutt, horns 2
a: Renounce Religion


You were on level 9 of the Dungeon.
You worshipped Makhleb.
Makhleb was noncommittal.
You were very hungry.

You visited 2 branches of the dungeon, and saw 10 of its levels.
You also visited: Ossuary.

You collected 392 gold pieces.

Inventory:

Hand Weapons
 j - a +2 war axe of flaming (weapon)
Armour
 c - a +0 shield
 z - the +2 buckler "Numusuog" (worn) {rF+ Dex+4}
   (You found it on level 5 of the Dungeon)

   It affects your dexterity (+4).
   It protects you from fire.
 H - a +4 ring mail (worn)
Jewellery
 a - a ring of protection from cold (right hand)
 t - an amulet of faith (around neck)
 v - an uncursed ring of ice
 A - a cursed +4 ring of strength (left hand)
 M - an uncursed ring of stealth {unknown}
Wands
 E - a wand of acid (10)
 F - a wand of iceblast (12)
 K - a wand of scattershot (5)
Scrolls
 g - a scroll of immolation {unknown}
 i - 2 scrolls of random uselessness {unknown}
 k - 4 scrolls of remove curse {unknown}
 l - 7 scrolls of teleportation {unknown}
 n - 2 scrolls of amnesia {unknown}
 o - a scroll of magic mapping {unknown}
 p - 2 scrolls of blinking {unknown}
 q - 2 scrolls of noise {unknown}
 r - 12 scrolls of identify {unknown}
 y - a scroll of enchant weapon {unknown}
 J - 2 scrolls of brand weapon {unknown}
Potions
 b - a potion of resistance {unknown}
 d - a potion of might
 e - a potion of mutation {unknown}
 h - a potion of brilliance {unknown}
 m - 2 potions of cancellation {unknown}
 s - 2 potions of lignification {unknown}
 u - 3 potions of flight {unknown}
 w - 3 potions of heal wounds {unknown}
 x - 3 potions of curing {unknown}
 B - a potion of invisibility {unknown}
 C - a potion of ambrosia {unknown}
 D - 3 potions of magic {unknown}
 G - 3 potions of haste {unknown}
 I - 2 potions of degeneration {unknown}
 L - a potion of agility {unknown}
Comestibles
 f - 11 rations


   Skills:
 + Level 6.5 Fighting
 + Level 9.5 Axes
 + Level 7.7 Armour
 - Level 2.1 Dodging
 - Level 1.1 Stealth
 + Level 8.1 Shields
 + Level 1.6 Invocations


You had 8 spell levels left.
You didn't know any spells.
Your spell library contained the following spells:

 Spells                   Type           Power        Failure   Level  Hunger
 Spider Form              Tmut/Pois      #.........   92%         3    ####...
 Blade Hands              Tmut           #.........   100%        5    ######.
 Ice Form                 Ice/Tmut       #.......     100%        4    #####..
 Sticks to Snakes         Tmut           #.......     75%         2    ###....
 Beastly Appendage        Tmut           #.....       58%         1    ##.....


Dungeon Overview and Level Annotations

Branches:
Dungeon (9/15)             Temple (1/1) D:5
   Lair: D:8-11         Orc: D:9-12

Altars:
Ashenzari
Cheibriados
Dithmenos
Elyvilon
Fedhas
Gozag
Hepliaklqana
Kikubaaqudgha
Makhleb
Nemelex Xobeh
Okawaru
Qazlal
Ru
Sif Muna
Trog
Uskayaw
Vehumet
Wu Jian
Xom
Yredelemnul
Zin
The Shining One

Annotations:
D:5 3 runed doors, Enish's ghost, novice NaAs


Innate Abilities, Weirdness & Mutations

You reflexively headbutt those who attack you in melee.
You have a pair of horns on your head.


Message History

The orc warrior hits you from afar with a glaive!
* * * LOW HITPOINT WARNING * * *
You hit the yak. You burn the yak. Your headbutt misses the yak.
The yak is almost dead.
The yak gores you!
* * * LOW HITPOINT WARNING * * *
The orc warrior completely misses you.
You barely miss the yak.
The yak is almost dead.
You block the yak's attack.
You slash the yak! You burn the yak.
You kill the yak!
Makhleb accepts your kill.
You hit the orc warrior but do no damage.
The orc warrior is moderately wounded.
The orc warrior closely misses you.
You closely miss the orc warrior. You headbutt the orc warrior.
The orc warrior is heavily wounded.
The orc warrior hits you with a glaive!!
You die...

#$)......≈≈≈..(.......
.###.........≈...........
.........................
.................).......
.....................####
#≈...........Yo#.....#
≈≈≈..........YY†######
≈≈≈≈....o.....##o#
≈≈≈≈;..o##.####@.#
≈≈≈≈.....### #.#.#
≈≈≈..Y...# #####
.≈Y....o## .........#
.........# ..........
........... ............


You could see an orc warrior.

Vanquished Creatures
  2 yaks (D:9)
  Purgy (D:4)
  5 ice beasts
  A phantom (D:5)
  2 ogres
  A sky beast (D:7)
  2 centaurs
  A scorpion (D:3)
  4 wights (D:6)
  2 quasits
  An iron imp (D:6)
  3 hounds
  3 jellies
  An orc wizard (D:7)
  A gnoll shaman (D:8)
  3 orc priests
  2 iguanas
  5 worker ants
  3 big kobold zombies (Ossuary)
  2 mummies (Ossuary)
  A worker ant zombie (D:7)
  4 gnolls
  A howler monkey skeleton (D:4)
  6 adders
  A shadow imp (D:7)
  4 adder zombies (Ossuary)
  2 adder skeletons
  2 worms
  5 dart slugs
  3 leopard geckos
  23 orcs
  A ball python (D:4)
  5 bats
  5 giant cockroaches
  6 goblins
  11 hobgoblins
  19 jackals
  2 quokkas
  4 frilled lizards
  2 gnoll zombies (Ossuary)
  12 hobgoblin zombies (Ossuary)
  4 kobolds
  4 kobold zombies (Ossuary)
  A leopard gecko skeleton (D:4)
  5 orc zombies (Ossuary)
  7 rats
  A plant (D:5)
186 creatures vanquished.

Notes
Turn   | Place    | Note
-------+----------+-------------------------------------------
     0 | D:1      | galech the Minotaur Fighter began the quest for the Orb.
     0 | D:1      | Reached XP level 1. HP: 19/19 MP: 0/0
    38 | D:1      | Reached XP level 2. HP: 27/27 MP: 1/1
   528 | D:1      | Reached XP level 3. HP: 28/33 MP: 2/2
  1168 | D:2      | Reached skill level 3 in Axes
  1299 | D:2      | Reached XP level 4. HP: 37/40 MP: 3/3
  1981 | D:3      | Reached skill level 4 in Axes
  1981 | D:3      | Reached XP level 5. HP: 46/46 MP: 4/4
  2159 | D:4      | Reached skill level 5 in Shields
  2204 | D:4      | Found an ornate altar of the Wu Jian Council.
  2868 | D:4      | Reached skill level 5 in Armour
  2910 | D:4      | Reached XP level 6. HP: 45/53 MP: 5/5
  2931 | D:4      | Reached skill level 1 in Stealth
  3090 | D:4      | Noticed Purgy
  3104 | D:4      | Killed Purgy
  3195 | D:5      | Entered Level 5 of the Dungeon
  3195 | D:5      | Noticed an ice beast
  3212 | D:5      | Killed an ice beast
  3212 | D:5      | Reached skill level 5 in Axes
  3214 | D:5      | Noticed an ice beast
  3221 | D:5      | Reached XP level 7. HP: 37/60 MP: 6/6
  3232 | D:5      | Reached skill level 1 in Dodging
  3606 | D:5      | Reached skill level 6 in Axes
  3633 | D:5      | Found a runed gate.
  3633 | D:5      | Found a runed gate.
  3636 | D:5      | Found a runed gate.
  3644 | D:5      | Noticed Enish's ghost (novice NaAs)
  3827 | D:5      | Found a staircase to the Ecumenical Temple.
  3876 | Temple   | Entered the Ecumenical Temple
  4302 | D:5      | Got a shimmering buckler
  4313 | D:5      | Identified the +2 buckler "Numusuog" {rF+ Dex+4} (You found it on level 5 of the Dungeon)
  4346 | D:6      | Found a snail-covered altar of Cheibriados.
  4448 | D:6      | Reached skill level 5 in Fighting
  4469 | D:6      | Reached XP level 8. HP: 66/68 MP: 7/7
  4512 | D:6      | Reached skill level 7 in Axes
  5237 | D:7      | Reached skill level 8 in Axes
  5270 | D:7      | Found a sand-covered staircase.
  5280 | Ossuary  | Entered an ossuary
  5495 | D:7      | Found a burning altar of Makhleb.
  5782 | D:7      | Found an iron altar of Okawaru.
  5897 | D:8      | Reached skill level 9 in Axes
  5970 | D:8      | Reached XP level 9. HP: 61/75 MP: 8/8
  6029 | D:7      | Became a worshipper of Makhleb the Destroyer
  6494 | D:9      | Reached skill level 1 in Invocations
  6502 | D:9      | Mangled by an orc warrior

Vault maps used:
D:1:      minmay_arrival_three_doors
D:4:      lemuel_doored_altar, uniq_purgy
D:5:      minmay_temple_entry_glassed_door, first_ration,
          ebering_ghost_rock_garden, chequers_big_river
D:6:      slow_altar_1
D:7:      okawaru_altar_gauntlet_db, nicolae_overflow_hidden_temple,
          nicolae_ossuary_entry_monument
D:9:      serial_shops, nicolae_shop_overgrown_old_shop
Temple:   regret_index_temple_mists
Ossuary:  ossuary_tomb_2

Skill      XL: |  1  2  3  4  5  6  7  8  9 |
---------------+----------------------------+-----
Armour         | 4 5 6 7 |  7.7
Fighting       | 4 5 6 |  6.5
Shields        | 4 5 6 7 8 |  8.1
Axes           | 3 4 5 6 9 |  9.5
Stealth        | 1 |  1.1
Dodging        | 1 2 |  2.1
Invocations    | 1 |  1.6

Action                   |  1- 3 |  4- 6 |  7- 9 || total
-------------------------+-------+-------+-------++-------
Melee: War axe           |    99 |   123 |   253 ||   475
       Headbutt          |    17 |    24 |    50 ||    91
  Eat: Chunk             |     1 |     6 |     7 ||    14
       Ration            |       |       |     1 ||     1
Armor: Scale mail        |     5 |       |       ||     5
       Chain mail        |    55 |    71 |    48 ||   174
       Ring mail         |       |       |    37 ||    37
Dodge: Dodged            |    23 |    25 |    97 ||   145
Block: Shield            |    49 |    66 |    18 ||   133
       Buckler           |       |       |    84 ||    84

Table legend:
 A = Spawn XP
 B = Non-spawn XP
 C = Spawn XP percentage of total XP
 D = Spawn monster count
 E = Non-spawn monster count
 F = Spawn count percentage of total count
 G = Total turns spent on level
                    A         B        C        D         E        F      G
               +---------+---------+-------+---------+---------+-------+---------
         Total |       0 |    3633 |   0.0 |       0 |     185 |   0.0 |  6502
               +---------+---------+-------+---------+---------+-------+---------
           D:1 |       0 |      49 |   0.0 |       0 |      26 |   0.0 |  1002
           D:2 |       0 |      73 |   0.0 |       0 |      25 |   0.0 |   686
           D:3 |       0 |      82 |   0.0 |       0 |       5 |   0.0 |   459
           D:4 |       0 |     377 |   0.0 |       0 |      17 |   0.0 |  1299
           D:5 |       0 |     619 |   0.0 |       0 |      13 |   0.0 |   712
           D:6 |       0 |     741 |   0.0 |       0 |      24 |   0.0 |   680
           D:7 |       0 |     553 |   0.0 |       0 |      30 |   0.0 |   712
           D:8 |       0 |     452 |   0.0 |       0 |      10 |   0.0 |   574
           D:9 |       0 |     527 |   0.0 |       0 |       3 |   0.0 |    69
       Ossuary |       0 |     160 |   0.0 |       0 |      32 |   0.0 |   143
               +---------+---------+-------+---------+---------+-------+---------
